 Dungeon Crawl Stone Soup version 0.30.1 (webtiles) character file.

Game seed: 14739964885441055811

233 Gabide the Ruffian (level 5, 0/41 HPs)
             Began as a Mummy Berserker on July 11, 2023.
             Was a Believer of Trog.
             Slain by a water moccasin (3 damage)
             ... on level 5 of the Dungeon.
             The game lasted 00:04:42 (3275 turns).

Gabide the Ruffian (Mummy Berserker)                Turns: 3275, Time: 00:04:43

Health: 0/41       AC:  6    Str: 22    XL:     5   Next: 75%
Magic:  5/5        EV: 11    Int:  6    God:    Trog [**....]
Gold:   129        SH:  0    Dex: 12    Spells: 4/4 levels left

rFire   x .          .
                       - Unarmed
rCold   + . .        (no shield)
rNeg    + + +        d - +0 ring mail
rPois   ∞            b - +0 helmet
rElec   .            (no cloak)
rCorr   .            (no gloves)
SInv    .            (no boots)
Will    +++..        (no amulet)
Stlth   +            e - ring of willpower
HPRegen 1.26/turn    (no ring)
MPRegen 0.09/turn

%: faith
@: about to teleport, strong-willed (expiring), regenerating (expiring)
A: cold resistance 1, negative energy resistance 3, torment resistance 2, heat
vulnerability 1, in touch with death 1, no potions, faith
a: Renounce Religion, Trog's Hand


You were on level 5 of the Dungeon.
You worshipped Trog.
Trog was pleased with you.
You visited 1 branch of the dungeon, and saw 5 of its levels.

You collected 129 gold pieces.

Inventory:

Armour
 b - a +0 helmet (worn)
 d - a +0 ring mail (worn)
Jewellery
 e - a ring of willpower (left hand)
Wands
 f - a wand of flame (6)
Scrolls
 a - 3 scrolls of identify
 g - a scroll of magic mapping
 h - a scroll of vulnerability {unknown}
 i - a scroll of fog {unknown}


   Skills:
 - Level 3.0 Fighting
 - Level 2.0 Armour
 - Level 2.0 Dodging
 * Level 5.1 Unarmed Combat


You had 4 spell levels left.
You didn't know any spells.
Your spell library was empty.

Dungeon Overview and Level Annotations

Branches:
Dungeon (5/15)
 Temple: D:4-7

Altars:
Cheibriados
Fedhas
Okawaru
Ru
Wu Jian

Shops:
D:3 =   D:4 *

Annotations:
D:4 Dowan


Innate Abilities, Weirdness & Mutations

You are immune to poison.
Your flesh is cold resistant. (rC+)
You are immune to negative energy. (rN+++)
You are immune to unholy pain and torment.
You are vulnerable to heat. (rF-)
You are in touch with the powers of death.
You do not drink.
You have a special connection with the divine. (Faith)


Message History

You closely miss the water moccasin.
The water moccasin bites you but does no damage.
The water moccasin closely misses you.
Okay, then.
You can't drink.
You hit the water moccasin.
The water moccasin is lightly wounded.
The water moccasin completely misses you.
You barely miss the water moccasin.
The water moccasin is lightly wounded.
The water moccasin bites you but does no damage.
You miss the water moccasin.
The water moccasin is lightly wounded.
The water moccasin barely misses you.
You miss the water moccasin.
The water moccasin is lightly wounded.
The water moccasin bites you but does no damage.
The water moccasin bites you.
You hit the water moccasin.
The water moccasin is lightly wounded.
The water moccasin closely misses you.
You miss the water moccasin.
The water moccasin is lightly wounded.
The water moccasin barely misses you.
You hit the water moccasin.
The water moccasin is moderately wounded.
The water moccasin bites you.
* * * LOW HITPOINT WARNING * * *
The water moccasin bites you.
* * * LOW HITPOINT WARNING * * *
You barely miss the water moccasin.
The water moccasin is moderately wounded.
You feel the effects of Trog's Hand fading.
The water moccasin bites you!
* * * LOW HITPOINT WARNING * * *
Okay, then.
Okay, then.
As you read the scroll of teleportation, it crumbles to dust.
You feel strangely unstable. The water moccasin bites you.
You die...

################
........<.......
.......@........
......S.........
................
................
................
................
################


You could see a water moccasin.

Vanquished Creatures
  Menkaure (D:3)
  Robin (D:1)
  3 adders
  3 worms
  2 dart slugs
  2 orcs
  8 bats
  An endoplasm (D:2)
  2 giant cockroaches
  16 goblins
  2 hobgoblins
  3 kobolds
  4 quokkas
  6 ball pythons
  5 frilled lizards
  3 rats
  A spectral goblin (D:3)
63 creatures vanquished.

Notes
Turn   | Place    | Note
-------+----------+-------------------------------------------
     0 | D:1      | Gabide the Mummy Berserker began the quest for the Orb.
     0 | D:1      | Reached XP level 1. HP: 18/18 MP: 1/1
   481 | D:1      | Reached XP level 2. HP: 24/24 MP: 2/2
   913 | D:2      | Reached skill level 3 in Unarmed Combat
   930 | D:2      | Found a sacrificial altar of Ru.
   948 | D:2      | Gained mutation: You are in touch with the powers of death.
                  | [Mummy growth]
   948 | D:2      | Reached XP level 3. HP: 29/29 MP: 3/3
   974 | D:2      | Reached ** piety under Trog
  1066 | D:2      | Noticed Robin
  1149 | D:1      | Killed Robin
  1251 | D:2      | Reached XP level 4. HP: 35/35 MP: 4/4
  1776 | D:3      | Found Ezihith's One-of-a-Kind Rings.
  1966 | D:3      | Found a snail-covered altar of Cheibriados.
  2059 | D:3      | Found an ornate altar of the Wu Jian Council.
  2173 | D:3      | Reached skill level 4 in Unarmed Combat
  2203 | D:3      | Found a faded altar of an unknown god.
  2419 | D:4      | Noticed Dowan
  2427 | D:4      | Noticed Menkaure
  2451 | D:3      | Killed Menkaure
  2452 | D:3      | Reached skill level 5 in Unarmed Combat
  2452 | D:3      | Reached XP level 5. HP: 23/41 MP: 5/5
  2573 | D:4      | Found an iron altar of Okawaru.
  2789 | D:4      | Found Dedaet's General Store.
  2817 | D:4      | Found a blossoming altar of Fedhas.
  3247 | D:5      | Entered Level 5 of the Dungeon
  3247 | D:5      | Noticed a water moccasin
  3274 | D:5      | HP: 1/41 [water moccasin (7)]
  3275 | D:5      | Slain by a water moccasin

Illustrated notes

Levels and vault maps discovered:
D:1:      eino_arrival_water_star, layout_loops_corners
D:2:      layout_basic, basic_altar, uniq_robin
D:3:      layout_loops_ring, lemuel_coloured_pillars_altar,
          mainiacjoe_overflow_big_doors,
          dreamdust_ecumenical_altar_drowned_temple, nicolae_shop_unique_rings
D:4:      layout_gridville, lemuel_tele_altar, fedhas_altar_1,
          mainiacjoe_overflow_chevrons, serial_shops, shop,
          chequers_serial_rivers_micro_e, uniq_duvessa, uniq_menkaure
D:5:      layout_gridville, hangedman_abyss_or_decor_stagger

Skill      XL: |  1  2  3  4 |
---------------+-------------+-----
Armour         | 2 |  2.0
Dodging        | 2 |  2.0
Unarmed Combat | 3 5 |  5.1
Fighting       | |  3.0

Action                     |  1- 3 |  4- 6 || total
---------------------------+-------+-------++-------
  Melee: Unarmed           |   125 |   144 ||   269
         Punch             |     3 |     6 ||     9
 Invoke: Trog's Hand       |       |     2 ||     2
    Use: Scroll            |     3 |     3 ||     6
   Stab: Sleeping          |     1 |       ||     1
 Armour: Ring mail         |    38 |    34 ||    72
         Animal skin       |     1 |       ||     1
  Dodge: Dodged            |    79 |    76 ||   155
